TOP OF THE 1ST |
Maize HS batting - Pitching for Fresno HS Red Wings : RHP Jake Gregory
|
Pitching: RHP Jake Gregory
|
|
Batting: RHB Jorge Molina
|
0-0: Swinging Strike 0-1: Foul Ball, location: 2F 0-2: Foul Ball, location: 2F 0-2: Ball 1-2: Ball 2-2: Ball 3-2: SINGLE (Groundball, 6M)
|
Batting: RHB Fletcher Richardson
|
0-0: Ball Jorge Molina steals 2nd base 1-0: Ball 2-0: Called Strike 2-1: Ball 3-1: Foul Ball, location: 2F 3-2: Foul Ball, location: 2F 3-2: Foul Ball, location: 2F 3-2: Hit by Pitch
|
Batting: RHB Chris Wilson
|
0-0: Foul Ball, location: 2F 0-1: Fielders Choice at 2nd, 5-4 (Groundball, 5) Jorge Molina to third
|
Batting: RHB Nelson Martínez
|
0-0: Called Strike 0-1: Ball 1-1: Ball 2-1: Called Strike 2-2: Ball 3-2: Strikes out looking
|
Batting: SHB Tony Morrison
|
0-0: SINGLE (Groundball, 4MD) Jorge Molina scores Chris Wilson to second
|
Batting: RHB Lorenzo Hernández
|
0-0: Ball 1-0: Ball 2-0: Foul Ball, location: 2F 2-1: Swinging Strike 2-2: Foul Ball, location: 2F 2-2: Foul Ball, location: 2F 2-2: Fly out, F7 (Flyball, 7LS)
|
Top of the 1st over - 1 run(s), 2 hit(s), 0 error(s), 2 left on base; Maize HS 1 - Fresno HS 0 |
BOTTOM OF THE 1ST |
Fresno HS Red Wings batting - Pitching for Maize HS : LHP Dan Thompson
|
Pitching: LHP Dan Thompson
|
|
Batting: RHB Chris Osborn
|
0-0: Swinging Strike 0-1: Ball 1-1: Foul Ball, location: 2F 1-2: Reached on error, E4 (Groundball, 4)
|
Batting: LHB Jack Mitchell
|
0-0: Called Strike 0-1: Fly out, F1 (Popup, 13S)
|
Batting: RHB Jack Hogan
|
0-0: Called Strike 0-1: Ball 1-1: Fly out, F9 (Flyball, 9M)
|
Batting: RHB Juan Bruno
|
0-0: Ball Chris Osborn steals 2nd base 1-0: SINGLE (Groundball, 4MD) Chris Osborn to third Runner from 3rd tries for Home, SAFE, throw made home Juan Bruno to second
|
Batting: RHB Ward Dempsey
|
0-0: Ball 1-0: Ball 2-0: Ground out 5-3 (Groundball, 5)
|
Bottom of the 1st over - 1 run(s), 1 hit(s), 1 error(s), 1 left on base; Maize HS 1 - Fresno HS 1 |
TOP OF THE 2ND |
Maize HS batting - Pitching for Fresno HS Red Wings : RHP Jake Gregory
|
Batting: RHB Dan Ramsey
|
0-0: Called Strike 0-1: Ball 1-1: Swinging Strike 1-2: Foul Ball, location: 2F 1-2: Foul Ball, location: 2F 1-2: Strikes out looking
|
Batting: LHB Chad Aguilar
|
0-0: Called Strike 0-1: Ball 1-1: Foul Ball, location: 2F 1-2: Ball 2-2: SOLO HOME RUN (Flyball, 89XD), Distance : 366 ft
|
Batting: RHB Dan Osborne
|
0-0: Called Strike 0-1: Called Strike 0-2: Strikes out swinging
|
Batting: RHB Jorge Molina
|
0-0: Ball 1-0: Called Strike 1-1: Ball 2-1: Swinging Strike 2-2: Foul Ball, location: 2F 2-2: Foul Ball, location: 2F 2-2: Ball 3-2: Foul Ball, location: 2F 3-2: Strikes out swinging
|
Top of the 2nd over - 1 run(s), 1 hit(s), 0 error(s), 0 left on base; Maize HS 2 - Fresno HS 1 |
BOTTOM OF THE 2ND |
Fresno HS Red Wings batting - Pitching for Maize HS : LHP Dan Thompson
|
Batting: RHB Bobby Burks
|
0-0: Swinging Strike 0-1: Ball 1-1: Foul Ball, location: 2F 1-2: Ball 2-2: Strikes out looking
|
Batting: LHB Julián Echevarría
|
0-0: Called Strike 0-1: Swinging Strike 0-2: Foul Ball, location: 2F 0-2: Foul Ball, location: 2F 0-2: Ball 1-2: Strikes out swinging
|
Batting: RHB Cristo Avalos
|
0-0: Ball 1-0: SINGLE (Groundball, 56D)
|
Batting: RHB Harvey Willis
|
0-0: Called Strike 0-1: Ball 1-1: Swinging Strike 1-2: Ground out 5-3 (Groundball, 56)
|
Bottom of the 2nd over - 0 run(s), 1 hit(s), 0 error(s), 1 left on base; Maize HS 2 - Fresno HS 1 |
TOP OF THE 3RD |
Maize HS batting - Pitching for Fresno HS Red Wings : RHP Jake Gregory
|
Batting: RHB Fletcher Richardson
|
0-0: SINGLE (Groundball, 5D)
|
Batting: RHB Chris Wilson
|
0-0: Ball 1-0: SINGLE (Groundball, 56D) Fletcher Richardson to second
|
Batting: RHB Nelson Martínez
|
0-0: Ball 1-0: Ball 2-0: Ball 3-0: Base on Balls Fletcher Richardson to third Chris Wilson to second
|
Batting: SHB Tony Morrison
|
0-0: Ball 1-0: Swinging Strike Passed Ball! Fletcher Richardson scores Chris Wilson to third Nelson Martínez to second 1-1: Ball 2-1: Called Strike 2-2: Fly out, F7 (Flyball, 78M)
|
Batting: RHB Lorenzo Hernández
|
0-0: Ball 1-0: Foul Ball, location: 2F 1-1: Swinging Strike 1-2: SINGLE (Line Drive, 34) Chris Wilson scores Nelson Martínez to third
|
Batting: RHB Dan Ramsey
|
0-0: Called Strike 0-1: Swinging Strike 0-2: Ball 1-2: Strikes out looking
|
Batting: LHB Chad Aguilar
|
0-0: SINGLE (Groundball, 34D) Nelson Martínez scores Lorenzo Hernández to second Runner from 2nd tries for 3rd, SAFE, throw made to third
|
Batting: RHB Dan Osborne
|
0-0: Ground out 5-3 (Groundball, 5L)
|
Top of the 3rd over - 3 run(s), 4 hit(s), 0 error(s), 2 left on base; Maize HS 5 - Fresno HS 1 |
BOTTOM OF THE 3RD |
Fresno HS Red Wings batting - Pitching for Maize HS : LHP Dan Thompson
|
Batting: RHB Chris Osborn
|
0-0: Called Strike 0-1: Called Strike 0-2: Ball 1-2: Foul Ball, location: 2F 1-2: Ball 2-2: Ball 3-2: Foul Ball, location: 2F 3-2: Foul Ball, location: 2F 3-2: Base on Balls
|
Batting: LHB Jack Mitchell
|
0-0: DOUBLE (Flyball, 8RXD) Chris Osborn to third
|
Batting: RHB Jack Hogan
|
0-0: Ball 1-0: Ball 2-0: Called Strike 2-1: Called Strike 2-2: Foul Ball, location: 2F 2-2: Ground out 5-3 (Groundball, 5S)
|
Batting: RHB Juan Bruno
|
0-0: Ball 1-0: SINGLE (Line Drive, 4D) Chris Osborn scores Jack Mitchell to third
|
Batting: RHB Ward Dempsey
|
0-0: Ball Wild Pitch! Jack Mitchell scores Juan Bruno to second 1-0: Swinging Strike 1-1: Ground out 5-3 (Groundball, 5L)
|
Batting: RHB Bobby Burks
|
0-0: Ball 1-0: Ball 2-0: Ball 3-0: Base on Balls
|
Batting: LHB Julián Echevarría
|
0-0: Foul Ball, location: 2F 0-1: Called Strike 0-2: Foul Ball, location: 2F Balk! Juan Bruno to third Bobby Burks to second 0-2: Strikes out swinging
|
Bottom of the 3rd over - 2 run(s), 2 hit(s), 0 error(s), 2 left on base; Maize HS 5 - Fresno HS 3 |
TOP OF THE 4TH |
Maize HS batting - Pitching for Fresno HS Red Wings : RHP Jake Gregory
|
Batting: RHB Jorge Molina
|
0-0: Foul Ball, location: 2F 0-1: Ball 1-1: Ball 2-1: Foul Ball, location: 2F 2-2: Ball 3-2: Foul Ball, location: 2F 3-2: Ground out 1-3 (Groundball, 15)
|
Pitching: RHP Richard McGinnity
|
|
Batting: RHB Fletcher Richardson
|
0-0: Called Strike 0-1: Swinging Strike 0-2: Strikes out looking
|
Batting: RHB Chris Wilson
|
0-0: Called Strike 0-1: Swinging Strike 0-2: Ball 1-2: Strikes out swinging
|
Top of the 4th over - 0 run(s), 0 hit(s), 0 error(s), 0 left on base; Maize HS 5 - Fresno HS 3 |
BOTTOM OF THE 4TH |
Fresno HS Red Wings batting - Pitching for Maize HS : LHP Dan Thompson
|
Batting: RHB Cristo Avalos
|
0-0: Called Strike 0-1: Ground out 1-3 (Groundball, 15)
|
Batting: RHB Harvey Willis
|
0-0: Called Strike 0-1: Ball 1-1: Ball 2-1: Ball 3-1: Ground out 6-3 (Groundball, 6)
|
Batting: RHB Chris Osborn
|
0-0: Swinging Strike 0-1: Ball 1-1: Fly out, F7 (Flyball, 7M)
|
Bottom of the 4th over - 0 run(s), 0 hit(s), 0 error(s), 0 left on base; Maize HS 5 - Fresno HS 3 |
TOP OF THE 5TH |
Maize HS batting - Pitching for Fresno HS Red Wings : RHP Richard McGinnity
|
Batting: RHB Nelson Martínez
|
0-0: Ball 1-0: Ball 2-0: Called Strike 2-1: Foul Ball, location: 2F 2-2: Ball 3-2: Strikes out swinging
|
Batting: SHB Tony Morrison
|
0-0: SINGLE (Flyball, 7LS)
|
Batting: RHB Lorenzo Hernández
|
0-0: Ball 1-0: Ball Tony Morrison steals 2nd base 2-0: Called Strike 2-1: Foul Ball, location: 2F 2-2: Ball 3-2: Base on Balls
|
Batting: RHB Dan Ramsey
|
0-0: Ball 1-0: Ball 2-0: Foul Ball, location: 2F 2-1: Ball 3-1: Called Strike 3-2: Fly out, F9 (Flyball, 9M)
|
Batting: LHB Chad Aguilar
|
0-0: Ball 1-0: Called Strike 1-1: Ball 2-1: Swinging Strike 2-2: Foul Ball, location: 2F 2-2: Strikes out swinging
|
Top of the 5th over - 0 run(s), 1 hit(s), 0 error(s), 2 left on base; Maize HS 5 - Fresno HS 3 |
BOTTOM OF THE 5TH |
Fresno HS Red Wings batting - Pitching for Maize HS : LHP Dan Thompson
|
Batting: LHB Jack Mitchell
|
0-0: Foul Ball, location: 2F 0-1: Fly out, F7 (Line Drive, 7M)
|
Batting: RHB Jack Hogan
|
0-0: Ball 1-0: Swinging Strike 1-1: Ball 2-1: Ball 3-1: Called Strike 3-2: Strikes out swinging
|
Batting: RHB Juan Bruno
|
0-0: Ball 1-0: Fly out, F9 (Flyball, 9M)
|
Bottom of the 5th over - 0 run(s), 0 hit(s), 0 error(s), 0 left on base; Maize HS 5 - Fresno HS 3 |
TOP OF THE 6TH |
Maize HS batting - Pitching for Fresno HS Red Wings : RHP Richard McGinnity
|
Batting: RHB Dan Osborne
|
0-0: Ball 1-0: Foul Ball, location: 2F 1-1: Foul Ball, location: 2F 1-2: Foul Ball, location: 2F 1-2: Strikes out looking
|
Batting: RHB Jorge Molina
|
0-0: Ball 1-0: Ball 2-0: Foul Ball, location: 2F 2-1: Ball 3-1: Base on Balls
|
Batting: RHB Fletcher Richardson
|
0-0: Ball Jorge Molina steals 2nd base 1-0: DOUBLE (Line Drive, 5D) Jorge Molina scores
|
Batting: RHB Chris Wilson
|
0-0: Fly out, F8 (Flyball, 8LM)
|
Batting: RHB Nelson Martínez
|
0-0: Called Strike 0-1: SINGLE (Groundball, 56D) Fletcher Richardson to third Runner from 3rd tries for Home, SAFE, no throw or cutoff
|
Batting: SHB Tony Morrison
|
0-0: Called Strike 0-1: Swinging Strike 0-2: Ball 1-2: Ball 2-2: Fly out, F8 (Flyball, 8RM)
|
Top of the 6th over - 2 run(s), 2 hit(s), 0 error(s), 1 left on base; Maize HS 7 - Fresno HS 3 |
BOTTOM OF THE 6TH |
Fresno HS Red Wings batting - Pitching for Maize HS : LHP Dan Thompson
|
Pitching: LHP John Sharpley
|
|
Batting: RHB Ward Dempsey
|
0-0: Ball 1-0: Foul Ball, location: 2F 1-1: Ball 2-1: Fly out, F3 (Popup, 3SF)
|
Batting: RHB Bobby Burks
|
0-0: Ball 1-0: Ball 2-0: Ball 3-0: Base on Balls
|
Batting: LHB Julián Echevarría
|
0-0: Ball 1-0: Called Strike 1-1: Swinging Strike 1-2: Grounds into double play, 4-6-3 (Groundball, 34)
|
Bottom of the 6th over - 0 run(s), 0 hit(s), 0 error(s), 0 left on base; Maize HS 7 - Fresno HS 3 |
TOP OF THE 7TH |
Maize HS batting - Pitching for Fresno HS Red Wings : RHP Richard McGinnity
|
Pitching: LHP Israel Martínez
|
|
Batting: RHB Lorenzo Hernández
|
0-0: Ball 1-0: Foul Ball, location: 2F 1-1: Swinging Strike 1-2: Hit by Pitch
|
Batting: RHB Dan Ramsey
|
0-0: Bunt missed! 0-1: Sac Bunt - play at first, batter OUT! 5-4 Lorenzo Hernández to second
|
Batting: LHB Chad Aguilar
|
0-0: Called Strike 0-1: Ball 1-1: Ball 2-1: Ball 3-1: Base on Balls
|
Batting: RHB Dan Osborne
|
0-0: Called Strike 0-1: Swinging Strike 0-2: Ball 1-2: Ball 2-2: Strikes out swinging
|
Batting: RHB Jorge Molina
|
0-0: Called Strike 0-1: Foul Ball, location: 2F 0-2: Strikes out swinging
|
Top of the 7th over - 0 run(s), 0 hit(s), 0 error(s), 2 left on base; Maize HS 7 - Fresno HS 3 |
BOTTOM OF THE 7TH |
Fresno HS Red Wings batting - Pitching for Maize HS : LHP John Sharpley
|
Batting: RHB Cristo Avalos
|
0-0: Swinging Strike 0-1: Ball 1-1: Ball 2-1: Ball 3-1: SINGLE (Line Drive, 4D)
|
Batting: RHB Harvey Willis
|
0-0: Ball 1-0: Ball 2-0: Swinging Strike 2-1: Grounds into double play, 6-4-3 (Groundball, 6M)
|
Batting: RHB Chris Osborn
|
0-0: Ground out 5-3 (Groundball, 5)
|
Bottom of the 7th over - 0 run(s), 1 hit(s), 0 error(s), 0 left on base; Maize HS 7 - Fresno HS 3 |
TOP OF THE 8TH |
Maize HS batting - Pitching for Fresno HS Red Wings : LHP Israel Martínez
|
Batting: RHB Fletcher Richardson
|
0-0: Ball 1-0: Ball 2-0: Called Strike 2-1: Foul Ball, location: 2F 2-2: Foul Ball, location: 2F 2-2: Ball 3-2: Foul Ball, location: 2F 3-2: Foul Ball, location: 2F 3-2: Base on Balls
|
Batting: RHB Chris Wilson
|
0-0: Foul Ball, location: 2F 0-1: SINGLE (Groundball, 6MD) Fletcher Richardson to second
|
Batting: RHB Nelson Martínez
|
0-0: SINGLE (Groundball, 56D) Fletcher Richardson to third Chris Wilson to second Runner from 3rd tries for Home, SAFE, no throw or cutoff
|
Batting: SHB Tony Morrison
|
0-0: Ball 1-0: Ball 2-0: Ball 3-0: Base on Balls Chris Wilson to third Nelson Martínez to second
|
Batting: RHB Lorenzo Hernández
|
0-0: Ball 1-0: Called Strike 1-1: Grounds into double play, 4-6-3 (Groundball, 34) Chris Wilson scores Nelson Martínez to third
|
Batting: RHB Dan Ramsey
|
0-0: Ball 1-0: Ball 2-0: Fly out, F8 (Flyball, 8LM)
|
Top of the 8th over - 2 run(s), 2 hit(s), 0 error(s), 1 left on base; Maize HS 9 - Fresno HS 3 |
BOTTOM OF THE 8TH |
Fresno HS Red Wings batting - Pitching for Maize HS : LHP John Sharpley
|
Batting: LHB Jack Mitchell
|
0-0: Called Strike 0-1: DOUBLE (Groundball, 3L)
|
Pitching: LHP Jonathan Irving
|
|
Batting: RHB Jack Hogan
|
0-0: Ball 1-0: Fly out, F2 (Popup, 2RF)
|
Batting: RHB Juan Bruno
|
0-0: Called Strike 0-1: Swinging Strike 0-2: Ball Balk! Jack Mitchell to third 1-2: Ball 2-2: Ball 3-2: Fly out, F9 (Flyball, 89M) Runner from 3rd tags up, SCORES, throw made
|
Batting: RHB Ward Dempsey
|
0-0: Ball 1-0: Called Strike 1-1: Ball 2-1: Foul Ball, location: 2F 2-2: Ball 3-2: Ground out 6-3 (Groundball, 6)
|
Bottom of the 8th over - 1 run(s), 1 hit(s), 0 error(s), 0 left on base; Maize HS 9 - Fresno HS 4 |
TOP OF THE 9TH |
Maize HS batting - Pitching for Fresno HS Red Wings : LHP Israel Martínez
|
Batting: LHB Chad Aguilar
|
0-0: Called Strike 0-1: SOLO HOME RUN (Flyball, 9D), Distance : 335 ft
|
Batting: RHB Dan Osborne
|
0-0: Ball 1-0: Foul Ball, location: 2F 1-1: Ball 2-1: Fly out, F8 (Flyball, 8RS)
|
Batting: RHB Jorge Molina
|
0-0: Foul Ball, location: 2F 0-1: Ball 1-1: Ball 2-1: Foul Ball, location: 2F 2-2: Ball 3-2: Strikes out swinging
|
Batting: RHB Fletcher Richardson
|
0-0: Ball 1-0: Swinging Strike 1-1: Fly out, F7 (Line Drive, 78M)
|
Top of the 9th over - 1 run(s), 1 hit(s), 0 error(s), 0 left on base; Maize HS 10 - Fresno HS 4 |
BOTTOM OF THE 9TH |
Fresno HS Red Wings batting - Pitching for Maize HS : LHP Jonathan Irving
|
Batting: RHB Bobby Burks
|
0-0: Ball 1-0: Swinging Strike 1-1: Ball 2-1: Foul Ball, location: 2F 2-2: Ball 3-2: Strikes out looking
|
Batting: LHB Julián Echevarría
|
0-0: Reached on error, E6 (Groundball, 6)
|
Batting: RHB Cristo Avalos
|
0-0: Called Strike 0-1: Called Strike 0-2: Ball 1-2: Strikes out swinging
|
Batting: RHB Harvey Willis
|
0-0: Swinging Strike 0-1: Foul Ball, location: 2F 0-2: Fly out, F8 (Flyball, 8LM)
|
Bottom of the 9th over - 0 run(s), 0 hit(s), 1 error(s), 1 left on base; Maize HS 10 - Fresno HS 4 |
|